[Event "VI Floripa Open 2020"]
[Site "Florianopolis"]
[Date "2020.01.21"]
[Round "3.150"]
[White "Nobre, Jose Adalberto Barbo"]
[Black "De Camargo, Elisandy Yolainny Mi"]
[Result "1-0"]
[ECO "C44"]
[WhiteElo "1632"]
[BlackElo "1220"]
[Annotator "NA"]
[PlyCount "39"]
[EventDate "2020.01.20"]
[EventType "swiss"]
[EventRounds "10"]
[EventCountry "BRA"]
[SourceTitle "playchess.com"]
[Source "ChessBase"]
[SourceQuality "1"]
[TimeControl "5400+30"]

1. e4 e5 2. Nf3 Nc6 3. d4 f6 4. Bc4 Nge7 5. Nc3 d6 6. h3 f5 7. Ng5 Qd7 8. Bf7+ Kd8 9. Ne6+ Qxe6 10. Bxe6 Bxe6 11. d5 Nd4 12. dxe6 Nxe6 13. exf5 Nxf5 14. O-O g5 15. Re1 h5 16. Rxe5 Nfd4 17. Rxg5 Kd7 18. Rxh5 Rxh5 19. Qxh5 Nxc2 20. Qh7+ 1-0

[Event "VI Floripa Open 2020"]
[Site "Florianopolis"]
[Date "2020.01.21"]
[Round "3.151"]
[White "Pimentel, Lucas dos Santos"]
[Black "Tasoko, Toshinobu"]
[Result "1-0"]
[ECO "D02"]
[WhiteElo "1353"]
[BlackElo "1630"]
[Annotator "NA"]
[PlyCount "102"]
[EventDate "2020.01.20"]
[EventType "swiss"]
[EventRounds "10"]
[EventCountry "BRA"]
[SourceTitle "playchess.com"]
[Source "ChessBase"]
[SourceQuality "1"]
[TimeControl "5400+30"]

1. d4 Nf6 2. Bf4 d5 3. e3 g6 4. Nf3 Bg7 5. Be2 O-O 6. Nbd2 Nbd7 7. h3 c5 8. c3 a6 9. O-O b5 10. b3 Bb7 11. a4 b4 12. cxb4 cxb4 13. Rc1 Rc8 14. Rxc8 Qxc8 15. Qb1 Ne4 16. Nxe4 dxe4 17. Nd2 Nf6 18. Rc1 Qa8 19. Bc4 Nd5 20. Bxd5 Bxd5 21. Rc7 f5 22. Rxe7 Rc8 23. Rc7 Rxc7 24. Bxc7 Qc6 25. Ba5 Bf8 26. Qb2 Bd6 27. Kf1 f4 28. Ke1 fxe3 29. fxe3 Bg3+ 30. Kd1 Bd6 31. Qc2 Qxc2+ 32. Kxc2 Kf7 33. Nc4 Be7 34. Bc7 Ke6 35. Nb6 Bf8 36. Nxd5 Kxd5 37. Bf4 Be7 38. Kd2 Bf8 39. Ke2 Be7 40. Kf2 h5 41. Kg3 g5 42. Be5 Bd8 43. Bg7 Bc7+ 44. Kf2 Bd6 45. Bf6 g4 46. hxg4 hxg4 47. Be5 Bxe5 48. dxe5 Kxe5 49. Kg3 Kf5 50. Kh4 g3 51. Kxg3 Kg5 1-0

[Event "VI Floripa Open 2020"]
[Site "Florianopolis"]
[Date "2020.01.21"]
[Round "3.152"]
[White "Dummer, Micael Schwenske"]
[Black "Duarte, Leonardo Torqui"]
[Result "1-0"]
[ECO "C30"]
[WhiteElo "1629"]
[BlackElo "1196"]
[Annotator "NA"]
[PlyCount "85"]
[EventDate "2020.01.20"]
[EventType "swiss"]
[EventRounds "10"]
[EventCountry "BRA"]
[SourceTitle "playchess.com"]
[Source "ChessBase"]
[SourceQuality "1"]
[TimeControl "5400+30"]

1. e4 e5 2. f4 d6 3. Bc4 Nf6 4. Nc3 c6 5. fxe5 dxe5 6. Nf3 Bd6 7. d3 c5 8. Bg5 h6 9. Bh4 Bg4 10. O-O O-O 11. Qd2 Nc6 12. Nd5 Bc7 13. Bg3 Bd6 14. Nxf6+ Qxf6 15. Nxe5 Qe7 16. Nxg4 Bxg3 17. hxg3 Ne5 18. Nxe5 Qxe5 19. Rf3 Rac8 20. Raf1 Rc7 21. Qc3 Qh5 22. Qb3 Qg6 23. Rxf7 Rcxf7 24. Rxf7 Rxf7 25. Bxf7+ Qxf7 26. Qxf7+ Kxf7 27. Kf2 Kf6 28. c3 b5 29. d4 cxd4 30. cxd4 Ke6 31. Ke3 Kd6 32. b4 g5 33. g4 a6 34. a3 Ke6 35. d5+ Ke5 36. g3 Kd6 37. Kd4 Kd7 38. e5 Ke7 39. Kc5 Kd7 40. e6+ Ke7 41. Kc6 Ke8 42. d6 Kd8 43. d7 1-0

[Event "VI Floripa Open 2020"]
[Site "Florianopolis"]
[Date "2020.01.21"]
[Round "3.153"]
[White "Bocca, Edson Ricardo"]
[Black "Allo Collante, Violeta"]
[Result "1-0"]
[ECO "C50"]
[WhiteElo "1620"]
[BlackElo "1189"]
[Annotator "NA"]
[PlyCount "115"]
[EventDate "2020.01.20"]
[EventType "swiss"]
[EventRounds "10"]
[EventCountry "BRA"]
[SourceTitle "playchess.com"]
[Source "ChessBase"]
[SourceQuality "1"]
[TimeControl "5400+30"]

1. e4 e5 2. Nc3 Nc6 3. Bc4 Nf6 4. d3 h6 5. Nf3 Bc5 6. O-O d6 7. Be3 Bb6 8. h3 O-O 9. a3 Be6 10. Bxe6 fxe6 11. Bxb6 axb6 12. Ne2 Ne7 13. Nc3 Ng6 14. Nh2 Nf4 15. Ne2 Nh7 16. Nxf4 exf4 17. Qd2 Qf6 18. c3 Ng5 19. f3 Nf7 20. d4 h5 21. Rfe1 g5 22. Qf2 Qg6 23. Qd2 Nh6 24. e5 d5 25. Rad1 Kh8 26. Qd3 Qg7 27. Kh1 Rg8 28. Qd2 Raf8 29. Kg1 g4 30. hxg4 hxg4 31. Nxg4 Nxg4 32. fxg4 f3 33. Rf1 fxg2 34. Rxf8 Qxf8 35. Qf2 Qxf2+ 36. Kxf2 Rxg4 37. Rg1 c5 38. Rxg2 Rh4 39. Ke3 Kh7 40. Rf2 Rh3+ 41. Kd2 Kg7 42. Rf6 Rh6 43. dxc5 Rxf6 44. exf6+ Kxf6 45. cxb6 Ke5 46. b4 Kd6 47. Kd3 e5 48. a4 e4+ 49. Kd4 Kc6 50. c4 dxc4 51. Kxe4 Kxb6 52. Kd4 c3 53. Kxc3 Ka7 54. Kd4 b5 55. a5 Kb7 56. Kc5 Ka6 57. Kc6 Ka7 58. Kxb5 1-0

[Event "VI Floripa Open 2020"]
[Site "Florianopolis"]
[Date "2020.01.21"]
[Round "3.154"]
[White "Elesbao, Bernardo Dartora"]
[Black "Neitzel, Jonatan"]
[Result "1-0"]
[ECO "B09"]
[WhiteElo "1352"]
[BlackElo "1619"]
[Annotator "NA"]
[PlyCount "41"]
[EventDate "2020.01.20"]
[EventType "swiss"]
[EventRounds "10"]
[EventCountry "BRA"]
[SourceTitle "playchess.com"]
[Source "ChessBase"]
[SourceQuality "1"]
[TimeControl "5400+30"]

1. e4 g6 2. d4 Bg7 3. Nc3 d6 4. f4 c6 5. Nf3 Nf6 6. e5 dxe5 7. fxe5 Nd5 8. Bc4 O-O 9. O-O Nxc3 10. bxc3 Qa5 11. Bd2 Qc7 12. Qc1 b6 13. Bh6 Ba6 14. Bd3 Rd8 15. Bxg7 Kxg7 16. Ng5 Rf8 17. Qf4 Bc8 18. Bc4 h6 19. Nxf7 g5 20. Qf3 Nd7 21. Qh5 1-0

[Event "VI Floripa Open 2020"]
[Site "Florianopolis"]
[Date "2020.01.21"]
[Round "3.156"]
[White "Amorin, Gabriel Ferrante"]
[Black "Do Amaral e Silva, Larissa Blue"]
[Result "0-1"]
[ECO "C78"]
[WhiteElo "1180"]
[BlackElo "1610"]
[Annotator "NA"]
[PlyCount "41"]
[EventDate "2020.01.20"]
[EventType "swiss"]
[EventRounds "10"]
[EventCountry "BRA"]
[SourceTitle "playchess.com"]
[Source "ChessBase"]
[SourceQuality "1"]
[TimeControl "5400+30"]

1. e4 e5 2. Nf3 Nc6 3. Bb5 Bc5 4. d3 a6 5. Ba4 Nf6 6. c3 O-O 7. O-O d6 8. h3 h6 9. Nbd2 b5 10. Bc2 Bb7 11. Re1 Kh8 12. Nf1 Ne7 13. Ne3 Ba7 14. Nh2 Nd7 15. Kh1 f5 16. exf5 Nxf5 17. Qh5 Bxe3 18. Bxe3 Nxe3 19. fxe3 Rf2 20. Re2 Nf6 21. Rxf2 0-1

[Event "VI Floripa Open 2020"]
[Site "Florianopolis"]
[Date "2020.01.21"]
[Round "3.157"]
[White "Moreira, Carolina Ziemer Vila"]
[Black "Borges, Luis Henrique Rosa"]
[Result "1/2-1/2"]
[ECO "B22"]
[WhiteElo "1152"]
[BlackElo "1603"]
[Annotator "NA"]
[PlyCount "53"]
[EventDate "2020.01.20"]
[EventType "swiss"]
[EventRounds "10"]
[EventCountry "BRA"]
[SourceTitle "playchess.com"]
[Source "ChessBase"]
[SourceQuality "1"]
[TimeControl "5400+30"]

1. e4 c5 2. c3 e6 3. Nf3 d5 4. exd5 exd5 5. d4 Nc6 6. Be3 c4 7. b3 b5 8. Be2 Nf6 9. O-O Bd6 10. Nbd2 Be6 11. a4 a6 12. Bg5 O-O 13. axb5 axb5 14. Rxa8 Qxa8 15. Bxf6 gxf6 16. Re1 Bf5 17. Nh4 Bg6 18. Bf3 Ne7 19. Nf1 Qa3 20. bxc4 bxc4 21. Qd2 Kg7 22. Ng3 Rb8 23. Rc1 Rb7 24. Qe1 Qb3 25. Bd1 Qa3 26. Bf3 Qb3 27. Bd1 1/2-1/2

[Event "VI Floripa Open 2020"]
[Site "Florianopolis"]
[Date "2020.01.21"]
[Round "3.161"]
[White "Dibai, Jerry"]
[Black "Zacarias, Rodrigo Medeiros"]
[Result "1-0"]
[ECO "B10"]
[WhiteElo "1693"]
[BlackElo "2095"]
[Annotator "NA"]
[PlyCount "75"]
[EventDate "2020.01.20"]
[EventType "swiss"]
[EventRounds "10"]
[EventCountry "BRA"]
[SourceTitle "playchess.com"]
[Source "ChessBase"]
[SourceQuality "1"]
[TimeControl "5400+30"]

1. e4 c6 2. g3 d5 3. Bg2 dxe4 4. Bxe4 Nf6 5. Bg2 Bf5 6. Nf3 e6 7. O-O Bd6 8. Re1 Nbd7 9. Nh4 Bg4 10. Bf3 Bxf3 11. Nxf3 Qc7 12. d4 O-O-O 13. c4 h5 14. c5 Be7 15. Qa4 b5 16. cxb6 Nxb6 17. Qc2 Nfd5 18. Ne5 Nb4 19. Qc3 N6d5 20. Qb3 h4 21. a3 hxg3 22. hxg3 Rh3 23. axb4 Rdh8 24. Bd2 Bxb4 25. Bxb4 Qb6 26. Qc4 Nxb4 27. Nd2 f6 28. Qxe6+ Kb7 29. Qd7+ Ka8 30. Ndc4 Qb7 31. Qxb7+ Kxb7 32. Nf7 R8h5 33. Re7+ Kb8 34. Raxa7 Rh1+ 35. Kg2 R5h2+ 36. Kf3 Nd3 37. Reb7+ Kc8 38. Ncd6# 1-0

[Event "VI Floripa Open 2020"]
[Site "Florianopolis"]
[Date "2020.01.21"]
[Round "3.162"]
[White "McKenna, Michael"]
[Black "Franca Junior, Jairo"]
[Result "0-1"]
[ECO "B07"]
[WhiteElo "1296"]
[BlackElo "1785"]
[Annotator "NA"]
[PlyCount "56"]
[EventDate "2020.01.20"]
[EventType "swiss"]
[EventRounds "10"]
[EventCountry "BRA"]
[SourceTitle "playchess.com"]
[Source "ChessBase"]
[SourceQuality "1"]
[TimeControl "5400+30"]

1. e4 d6 2. Nf3 Nf6 3. Nc3 g6 4. Bb5+ c6 5. Ba4 Bg7 6. d3 O-O 7. O-O b5 8. Bb3 a5 9. a3 Nbd7 10. Ne2 Nc5 11. Ba2 e5 12. Ng3 Be6 13. b3 d5 14. Bb2 d4 15. c3 dxc3 16. Bxc3 Nfd7 17. h3 Qe7 18. Bxe5 Nxe5 19. d4 Nxf3+ 20. gxf3 Rfd8 21. e5 Bxe5 22. dxc5 Rxd1 23. Rfxd1 Bxa1 24. Rxa1 Rd8 25. b4 axb4 26. Bxe6 Qxe6 27. Kg2 b3 28. Ne2 Qxe2 0-1

[Event "VI Floripa Open 2020"]
[Site "Florianopolis"]
[Date "2020.01.21"]
[Round "3.163"]
[White "De Oliveira Filho, Fernando F"]
[Black "Da Costa, Evelyn Maria Fuck"]
[Result "1-0"]
[ECO "D07"]
[WhiteElo "1680"]
[BlackElo "1011"]
[Annotator "NA"]
[PlyCount "39"]
[EventDate "2020.01.20"]
[EventType "swiss"]
[EventRounds "10"]
[EventCountry "BRA"]
[SourceTitle "playchess.com"]
[Source "ChessBase"]
[SourceQuality "1"]
[TimeControl "5400+30"]

1. d4 d5 2. c4 Nf6 3. Nc3 g6 4. Bg5 e6 5. e3 Bg7 6. Nf3 O-O 7. Be2 Nc6 8. O-O Bd7 9. Qd2 Re8 10. Ne5 a5 11. Ng4 a4 12. Nxf6+ Bxf6 13. Bxf6 Qxf6 14. cxd5 exd5 15. Nxd5 Qd6 16. Nc3 Ne7 17. Bf3 c6 18. Ne4 Qe6 19. Nc5 Qc4 20. Nxd7 1-0

[Event "VI Floripa Open 2020"]
[Site "Florianopolis"]
[Date "2020.01.21"]
[Round "3.164"]
[White "Santos, Marcos Correia"]
[Black "Neuenfeld, Eduarda"]
[Result "1-0"]
[ECO "B33"]
[WhiteElo "1582"]
[BlackElo "1277"]
[Annotator "NA"]
[PlyCount "71"]
[EventDate "2020.01.20"]
[EventType "swiss"]
[EventRounds "10"]
[EventCountry "BRA"]
[SourceTitle "playchess.com"]
[Source "ChessBase"]
[SourceQuality "1"]
[TimeControl "5400+30"]

1. e4 c5 2. Nf3 Nc6 3. d4 cxd4 4. Nxd4 Nf6 5. Nc3 e6 6. Ndb5 d6 7. Bf4 e5 8. Bg5 a6 9. Na3 Be7 10. Bxf6 Bxf6 11. Nd5 Qa5+ 12. c3 Bg5 13. Nc2 O-O 14. Be2 Qd8 15. O-O Ne7 16. Nce3 b5 17. Nxe7+ Qxe7 18. Nd5 Qd7 19. Nb6 Qb7 20. Nxa8 Qxa8 21. Bf3 Rd8 22. a4 Qb7 23. a5 Be6 24. Re1 Qc7 25. g3 Qc5 26. h4 Be7 27. Qd2 d5 28. exd5 Bxd5 29. Bxd5 Rxd5 30. Qe3 Qc7 31. Qb6 Qd6 32. Qxd6 Bxd6 33. Rad1 Rxd1 34. Rxd1 Bc7 35. b4 f6 36. Rd7 1-0

[Event "VI Floripa Open 2020"]
[Site "Florianopolis"]
[Date "2020.01.21"]
[Round "3.165"]
[White "Almeida, Bianca Martins"]
[Black "Pasqualotto, Amos Petronio"]
[Result "0-1"]
[ECO "B06"]
[WhiteElo "1175"]
[BlackElo "1419"]
[Annotator "NA"]
[PlyCount "138"]
[EventDate "2020.01.20"]
[EventType "swiss"]
[EventRounds "10"]
[EventCountry "BRA"]
[SourceTitle "playchess.com"]
[Source "ChessBase"]
[SourceQuality "1"]
[TimeControl "5400+30"]

1. e4 g6 2. Nf3 Bg7 3. d4 d6 4. Nc3 a6 5. h3 Nd7 6. Bc4 e6 7. Be3 b5 8. Bb3 c5 9. a3 Bb7 10. Bg5 Qc7 11. O-O cxd4 12. Nxd4 Nc5 13. Re1 Nxb3 14. Nxb3 Nf6 15. Rb1 O-O 16. Nd2 Nd7 17. Nf3 Rac8 18. Be7 Bxc3 19. bxc3 Rfe8 20. Qxd6 Qxd6 21. Bxd6 Rxc3 22. Rbc1 Rec8 23. Re2 R3c4 24. e5 Be4 25. Ne1 Nb6 26. f3 Bd5 27. Nd3 Nd7 28. Kf2 R4c6 29. Nb4 Rb6 30. Nxd5 exd5 31. Rd2 Rbc6 32. Rxd5 Rxc2+ 33. Rxc2 Rxc2+ 34. Kg3 Rc6 35. Bb4 Nb6 36. Rd6 Rxd6 37. exd6 f6 38. Kf4 Kf7 39. Ke4 Ke6 40. Kd4 Nc4 41. Kc5 Kd7 42. Bc3 Nxa3 43. Bxf6 Nc4 44. f4 Nxd6 45. Kb6 b4 46. Kxa6 Ke6 47. Bh8 b3 48. Ka5 b2 49. Bxb2 Nc4+ 50. Kb4 Nxb2 51. Kc3 Nd1+ 52. Kd2 Nb2 53. Ke3 Nc4+ 54. Kf3 Kf5 55. g4+ Kf6 56. Ke4 Nd6+ 57. Kf3 h6 58. h4 h5 59. f5 gxf5 60. gxh5 Nf7 61. Kf4 Nh6 62. Kf3 Ke5 63. Kg3 Ke4 64. Kf2 Kf4 65. Ke2 Kg3 66. Ke3 f4+ 67. Ke4 f3 68. Ke5 f2 69. Ke6 f1=Q 0-1

[Event "VI Floripa Open 2020"]
[Site "Florianopolis"]
[Date "2020.01.21"]
[Round "3.166"]
[White "Zottis, Ernani"]
[Black "Rodrigues Nogueira, Carlos Manuel"]
[Result "0-1"]
[ECO "B10"]
[WhiteElo "1404"]
[BlackElo "1971"]
[Annotator "NA"]
[PlyCount "54"]
[EventDate "2020.01.20"]
[EventType "swiss"]
[EventRounds "10"]
[EventCountry "BRA"]
[SourceTitle "playchess.com"]
[Source "ChessBase"]
[SourceQuality "1"]
[TimeControl "5400+30"]

1. e4 c6 2. Bc4 d5 3. exd5 cxd5 4. Bb3 Nf6 5. d4 Nc6 6. c3 Bf5 7. Ne2 e6 8. O-O Bd6 9. f4 O-O 10. h3 b5 11. Nd2 b4 12. Nf3 bxc3 13. bxc3 Ne4 14. c4 dxc4 15. Bxc4 Qc7 16. d5 Bc5+ 17. Kh2 exd5 18. Bxd5 Rad8 19. Qd3 Nb4 20. Bxf7+ Rxf7 21. Qc4 Bg1+ 22. Nexg1 Qxc4 23. Ne5 Qxf1 24. Nxf7 Rd1 25. Be3 Rxa1 26. Ne5 Rxa2 27. Ne2 Rxe2 0-1

[Event "VI Floripa Open 2020"]
[Site "Florianopolis"]
[Date "2020.01.21"]
[Round "3.171"]
[White "Sarda, Joao Sada"]
[Black "Bejarano, Mauricio"]
[Result "0-1"]
[ECO "D00"]
[WhiteElo "1184"]
[BlackElo "1746"]
[Annotator "NA"]
[PlyCount "90"]
[EventDate "2020.01.20"]
[EventType "swiss"]
[EventRounds "10"]
[EventCountry "BRA"]
[SourceTitle "playchess.com"]
[Source "ChessBase"]
[SourceQuality "1"]
[TimeControl "5400+30"]

1. d4 d5 2. Bf4 e6 3. e3 Bd6 4. Bg3 Nf6 5. c3 Nbd7 6. Nd2 O-O 7. Ngf3 Ne4 8. Nxe4 dxe4 9. Bxd6 cxd6 10. Nd2 d5 11. f3 exf3 12. Nxf3 Re8 13. h4 e5 14. Ng5 Qf6 15. Qh5 Qg6 16. Qf3 exd4 17. cxd4 h6 18. Nh3 Nf6 19. Bb5 Bg4 20. Qg3 Ne4 21. Qf4 Bxh3 22. Rxh3 Qxg2 23. Bxe8 Rxe8 24. Rf3 Nf6 25. Rf2 Qg1+ 26. Rf1 Rxe3+ 27. Kd2 Ne4+ 28. Kd1 Qg3 29. h5 Re1+ 30. Kc2 Qxf4 31. Rxf4 Rxa1 32. Rf5 Nf6 33. a3 Rh1 34. Kc3 Rxh5 35. Rxh5 Nxh5 36. b4 f5 37. b5 b6 38. a4 f4 39. Kd3 g5 40. Ke2 g4 41. Kf2 Nf6 42. Ke2 f3+ 43. Kf2 Ne4+ 44. Ke3 f2 45. Kf4 f1=Q+ 0-1

[Event "VI Floripa Open 2020"]
[Site "Florianopolis"]
[Date "2020.01.21"]
[Round "3.172"]
[White "Thurow, Jennifer"]
[Black "Da Luz, Fabio Rodolfo"]
[Result "0-1"]
[ECO "A20"]
[WhiteElo "1164"]
[BlackElo "1493"]
[Annotator "NA"]
[PlyCount "90"]
[EventDate "2020.01.20"]
[EventType "swiss"]
[EventRounds "10"]
[EventCountry "BRA"]
[SourceTitle "playchess.com"]
[Source "ChessBase"]
[SourceQuality "1"]
[TimeControl "5400+30"]

1. c4 e5 2. g3 Nf6 3. Bg2 Nc6 4. e3 Be7 5. Ne2 O-O 6. Nbc3 a6 7. b3 Rb8 8. Rb1 Nb4 9. d3 Nc6 10. O-O Re8 11. Bb2 b6 12. Qd2 Bb7 13. Nd5 d6 14. Nxe7+ Nxe7 15. f3 Ng6 16. Nc3 c6 17. d4 exd4 18. Qxd4 c5 19. Qd3 Re6 20. e4 b5 21. Nd5 Nxd5 22. cxd5 Re7 23. Qc3 f6 24. Rfe1 Qb6 25. Kh1 b4 26. Qd3 a5 27. Bf1 Ra8 28. Qc2 Ne5 29. f4 Ng4 30. Bh3 Nh6 31. Bg2 Rae8 32. Re3 Bxd5 33. Rbe1 Bc6 34. R3e2 Qb7 35. Qc4+ Kh8 36. Qc2 f5 37. Kg1 fxe4 38. Ba1 Nf5 39. Qb2 Nd4 40. Qd2 Nxe2+ 41. Rxe2 e3 42. Qb2 Bxg2 43. Rxe3 Rxe3 44. Qxg2 Re1+ 45. Kf2 R8e2# 0-1

[Event "VI Floripa Open 2020"]
[Site "Florianopolis"]
[Date "2020.01.21"]
[Round "3.173"]
[White "Santos, Gildemar De Oliveira"]
[Black "Purim, Kaiane"]
[Result "1-0"]
[ECO "A37"]
[WhiteElo "1479"]
[BlackElo "1181"]
[Annotator "NA"]
[PlyCount "99"]
[EventDate "2020.01.20"]
[EventType "swiss"]
[EventRounds "10"]
[EventCountry "BRA"]
[SourceTitle "playchess.com"]
[Source "ChessBase"]
[SourceQuality "1"]
[TimeControl "5400+30"]

1. c4 c5 2. Nf3 g6 3. g3 Bg7 4. Nc3 e6 5. Bg2 Nc6 6. O-O Nge7 7. d3 O-O 8. a3 b6 9. Rb1 Bb7 10. Bg5 h6 11. Bd2 Nd4 12. e4 d5 13. Nxd4 cxd4 14. Ne2 dxe4 15. dxe4 Rc8 16. b3 a6 17. Qc1 Kh7 18. Rd1 Qd6 19. Bb4 Qd7 20. Bxe7 Qxe7 21. Nxd4 b5 22. a4 e5 23. Ne2 Qe6 24. axb5 axb5 25. c5 Qc6 26. b4 f5 27. Rd6 Qc7 28. Qe3 Rcd8 29. Rbd1 Bxe4 30. Bxe4 fxe4 31. Qxe4 Rxd6 32. Rxd6 Qf7 33. Qe3 Qc4 34. Qd2 Qe4 35. Rb6 Qf5 36. Qe3 Qb1+ 37. Kg2 Qxb4 38. c6 e4 39. c7 Rc8 40. Qc1 Qa5 41. Qc6 b4 42. Qxg6+ Kg8 43. Qe6+ Kh7 44. Qxc8 Qxb6 45. Qb8 Qf6 46. c8=Q Qf3+ 47. Kh3 Qxf2 48. Qg8+ Kg6 49. Qbe8+ Kg5 50. Qxg7+ 1-0

[Event "VI Floripa Open 2020"]
[Site "Florianopolis"]
[Date "2020.01.21"]
[Round "3.174"]
[White "Moretto, Leticia Soares"]
[Black "Rahn, Marlon Cristiano"]
[Result "1-0"]
[ECO "D35"]
[WhiteElo "1376"]
[BlackElo "1174"]
[Annotator "NA"]
[PlyCount "85"]
[EventDate "2020.01.20"]
[EventType "swiss"]
[EventRounds "10"]
[EventCountry "BRA"]
[SourceTitle "playchess.com"]
[Source "ChessBase"]
[SourceQuality "1"]
[TimeControl "5400+30"]

1. d4 d5 2. c4 e6 3. Nc3 Nf6 4. Bf4 Be7 5. e3 Nbd7 6. Nf3 c5 7. cxd5 Nxd5 8. Nxd5 exd5 9. Be2 cxd4 10. Qxd4 Qa5+ 11. Nd2 Bb4 12. a3 Bxd2+ 13. Qxd2 Qxd2+ 14. Kxd2 O-O 15. Rhd1 Nf6 16. Bf3 Be6 17. Ke1 Rac8 18. Rac1 Rc6 19. Rxc6 bxc6 20. Rc1 Rc8 21. Rc5 Nd7 22. Ra5 Ra8 23. Ra6 c5 24. Rd6 Nb6 25. Be5 c4 26. Bd4 Rb8 27. Bxb6 axb6 28. Bxd5 Bxd5 29. Rxd5 b5 30. Kd2 Kf8 31. Kc3 Ke7 32. Kb4 Ke6 33. Rxb5 Rd8 34. Kc3 Rd3+ 35. Kc2 f6 36. Rc5 Rd5 37. Rxd5 Kxd5 38. Kc3 g5 39. a4 Kc5 40. a5 Kb5 41. a6 Kxa6 42. Kxc4 Kb6 43. Kd5 1-0

[Event "VI Floripa Open 2020"]
[Site "Florianopolis"]
[Date "2020.01.21"]
[Round "3.175"]
[White "Calcada, Henrique Galvan"]
[Black "Kim, Andre"]
[Result "1-0"]
[ECO "D02"]
[WhiteElo "1322"]
[BlackElo "1121"]
[Annotator "NA"]
[PlyCount "81"]
[EventDate "2020.01.20"]
[EventType "swiss"]
[EventRounds "10"]
[EventCountry "BRA"]
[SourceTitle "playchess.com"]
[Source "ChessBase"]
[SourceQuality "1"]
[TimeControl "5400+30"]

1. Nf3 Nc6 2. d4 d5 3. g3 Nf6 4. Bg2 h6 5. O-O Bg4 6. Ne5 e6 7. Nxg4 Nxg4 8. e3 Nf6 9. c4 Be7 10. Nc3 O-O 11. Qb3 Rb8 12. cxd5 exd5 13. Nxd5 Nxd5 14. Qxd5 Qxd5 15. Bxd5 Rfe8 16. a3 Bf6 17. Bd2 Ne7 18. Bg2 c6 19. Rac1 Rbd8 20. Rc2 Rd7 21. b4 a6 22. a4 Red8 23. Rb1 Rc8 24. b5 axb5 25. axb5 cxb5 26. Rxc8+ Nxc8 27. Rxb5 b6 28. Bh3 Rc7 29. Bxc8 Rxc8 30. Rxb6 Kf8 31. Kg2 Ke7 32. Bb4+ Kd7 33. Rb7+ Ke6 34. Kf3 Kf5 35. Rxf7 Rc2 36. Rf8 Kg5 37. h4+ Kf5 38. Be7 Rc6 39. Bxf6 Rxf6 40. Rxf6+ Kxf6 41. Kf4 1-0

[Event "VI Floripa Open 2020"]
[Site "Florianopolis"]
[Date "2020.01.21"]
[Round "3.176"]
[White "De Carvalho, Amauri"]
[Black "Campagnolo, Bruna"]
[Result "1-0"]
[ECO "D00"]
[WhiteElo "1144"]
[BlackElo "1317"]
[Annotator "NA"]
[PlyCount "47"]
[EventDate "2020.01.20"]
[EventType "swiss"]
[EventRounds "10"]
[EventCountry "BRA"]
[SourceTitle "playchess.com"]
[Source "ChessBase"]
[SourceQuality "1"]
[TimeControl "5400+30"]

1. d4 d5 2. Bf4 Nf6 3. e3 Bf5 4. Nd2 e6 5. h3 Bd6 6. Bxd6 Qxd6 7. Ngf3 a6 8. Ne5 Nc6 9. Nxc6 Qxc6 10. c4 O-O 11. c5 Rfe8 12. Nf3 Be4 13. Ne5 Bf3 14. gxf3 Rab8 15. Rg1 Red8 16. Nxc6 bxc6 17. Qc2 h6 18. Bxa6 Re8 19. f4 Ne4 20. Bd3 Nf6 21. f3 Rb4 22. a3 Ra8 23. Qg2 g6 24. Bxg6 1-0

[Event "VI Floripa Open 2020"]
[Site "Florianopolis"]
[Date "2020.01.21"]
[Round "3.177"]
[White "De Oliveira, Nicolas Fabiane"]
[Black "Born, Ary"]
[Result "1-0"]
[ECO "D90"]
[WhiteElo "1113"]
[BlackElo "1282"]
[Annotator "NA"]
[PlyCount "93"]
[EventDate "2020.01.20"]
[EventType "swiss"]
[EventRounds "10"]
[EventCountry "BRA"]
[SourceTitle "playchess.com"]
[Source "ChessBase"]
[SourceQuality "1"]
[TimeControl "5400+30"]

1. d4 d5 2. c4 e6 3. Nc3 Nf6 4. Nf3 g6 5. Bf4 c6 6. e3 Bg7 7. Bd3 Nbd7 8. h3 O-O 9. O-O Re8 10. Re1 a6 11. Qc2 dxc4 12. Bxc4 b5 13. Bb3 Bf8 14. Ne4 Bb7 15. Bd6 Rc8 16. Bxf8 Kxf8 17. Nd6 Qc7 18. Nxc8 Rxc8 19. Rac1 Kg7 20. a3 Qa5 21. e4 Nb6 22. Qc3 Nc4 23. Bxc4 Qxc3 24. Rxc3 bxc4 25. Rxc4 c5 26. Rxc5 Rxc5 27. dxc5 Nxe4 28. b4 Bc6 29. Nd4 Bd5 30. Rc1 e5 31. Nf3 Kf6 32. c6 Nd6 33. c7 Bb7 34. a4 e4 35. Nd4 Ke7 36. Kf1 Kd7 37. b5 Kc8 38. b6 f5 39. a5 f4 40. Nb3 Bd5 41. Nc5 Bc4+ 42. Kg1 e3 43. fxe3 fxe3 44. Re1 Nf5 45. Rd1 Nd4 46. Rxd4 e2 47. Rd8# 1-0

[Event "VI Floripa Open 2020"]
[Site "Florianopolis"]
[Date "2020.01.21"]
[Round "3.178"]
[White "Quadra, Derek Erdmann"]
[Black "Nunes, Nicole"]
[Result "0-1"]
[ECO "E61"]
[WhiteElo "1275"]
[BlackElo "1096"]
[Annotator "NA"]
[PlyCount "52"]
[EventDate "2020.01.20"]
[EventType "swiss"]
[EventRounds "10"]
[EventCountry "BRA"]
[SourceTitle "playchess.com"]
[Source "ChessBase"]
[SourceQuality "1"]
[TimeControl "5400+30"]

1. d4 g6 2. Nf3 Bg7 3. Bf4 Nf6 4. c4 O-O 5. Nc3 d6 6. e4 c5 7. e5 dxe5 8. Bxe5 b6 9. Nb5 cxd4 10. Nc7 Ng4 11. Bxg7 Kxg7 12. Nxa8 Nc6 13. Be2 Bb7 14. O-O Bxa8 15. Qd3 Kg8 16. Rfd1 Qc7 17. Rac1 Nb4 18. Qd2 Bxf3 19. g3 Bxe2 20. Qxe2 Qd7 21. a3 Nc6 22. c5 Rd8 23. Rd3 Nge5 24. Rd2 Qf5 25. f4 d3 26. Qe1 Nf3+ 0-1

[Event "VI Floripa Open 2020"]
[Site "Florianopolis"]
[Date "2020.01.21"]
[Round "3.179"]
[White "Ittner, Emily Caroline"]
[Black "De Carvalho, Vitor Augusto Poncia"]
[Result "1/2-1/2"]
[ECO "E61"]
[WhiteElo "1087"]
[BlackElo "1272"]
[Annotator "NA"]
[PlyCount "81"]
[EventDate "2020.01.20"]
[EventType "swiss"]
[EventRounds "10"]
[EventCountry "BRA"]
[SourceTitle "playchess.com"]
[Source "ChessBase"]
[SourceQuality "1"]
[TimeControl "5400+30"]

1. c4 c5 2. g3 g6 3. Bg2 Bg7 4. e3 Nc6 5. Ne2 Nf6 6. Nbc3 O-O 7. d4 cxd4 8. exd4 d6 9. O-O a6 10. a3 Qc7 11. b4 Bd7 12. b5 axb5 13. cxb5 Nd8 14. a4 e6 15. Rb1 d5 16. Bf4 Qb6 17. Qd2 Re8 18. Rfe1 Nh5 19. Bh6 Qd6 20. Rb3 b6 21. Ra1 Nb7 22. Bxg7 Kxg7 23. Nc1 Na5 24. Rbb1 Ra7 25. Nd3 Nc4 26. Qe2 Rc8 27. Ne5 Nxe5 28. dxe5 Qb8 29. Qe3 Kg8 30. Rf1 Rc4 31. Rac1 d4 32. Qe2 Rxc3 33. Rxc3 dxc3 34. Qc4 Qc7 35. Qd4 Ng7 36. g4 Qc8 37. Be4 Qb8 38. Rc1 Rc7 39. Bc2 Ne8 40. h4 Qa7 41. Kg2 1/2-1/2